 Dungeon Crawl Stone Soup version 0.31.0-12-g77e489cdc1 (webtiles) character file.

Game seed: 5374995185607119701

200 hawla the Shield-Bearer (level 5, 0/45 HPs)
             Began as a Minotaur Fighter on Feb 18, 2024.
             Slain by an iguana (9 damage)
             ... on level 4 of the Dungeon.
             The game lasted 00:04:23 (2558 turns).

hawla the Shield-Bearer (Minotaur Fighter)          Turns: 2558, Time: 00:04:24

Health: 0/45       AC: 11    Str: 21    XL:     5   Next: 48%
Magic:  4/4        EV:  9    Int:  5    God:
Gold:   237        SH:  6    Dex: 11    Spells: 4/4 levels left

rFire   . . .        a - +0 long sword
rCold   . . .        c - +1 buckler
rNeg    . . .        k - +0 chain mail
rPois   .            (helmet restricted)
rElec   .            (no cloak)
rCorr   .            i - +1 pair of gloves
SInv    .            (no boots)
Will    .....        (no amulet) Stlth
                     (no ring)
HPRegen 0.27/turn    (no ring)
MPRegen 0.09/turn

%: no passive effects
@: no status effects
A: horns 2, retaliatory headbutt
a: no special abilities


You were on level 4 of the Dungeon.
You visited 1 branch of the dungeon, and saw 4 of its levels.

You collected 237 gold pieces.

Inventory:

Hand Weapons
 a - a +0 long sword (weapon)
Armour
 c - a +1 buckler (worn)
 i - a +1 pair of gloves (worn)
 k - a +0 chain mail (worn)
Scrolls
 e - 2 scrolls of blinking
 j - a scroll of amnesia {unknown}
 m - a scroll of revelation {unknown}
Potions
 d - a potion of might
 f - a potion of heal wounds {unknown}
 n - a potion of mutation {unknown}


   Skills:
 - Level 3.6 Fighting
 - Level 2.4 Long Blades
 - Level 3.6 Armour
 + Level 4.9 Dodging
 - Level 5.0 Shields


You had 4 spell levels left.
You didn't know any spells.
Your spell library was empty.

Dungeon Overview and Level Annotations

Branches:
Dungeon (4/15)
 Temple: D:4-7

Altars:


Innate Abilities, Weirdness & Mutations

You have a pair of horns on your head.
You reflexively headbutt those who attack you in melee.


Message History

You kill the orc!
The endoplasm hits you. The endoplasm freezes you.
You are frozen.
You see here a +0 mace.
You barely miss the orc wizard. You block the endoplasm's attack.
The orc wizard barely misses you.
You hit the orc wizard but do no damage.
You headbutt the orc wizard, but do no damage.
The endoplasm hits you but does no damage.
The orc wizard barely misses you. You furiously retaliate!
You headbutt the orc wizard! The iguana bites you! The endoplasm freezes you.
You are frozen.
The orc wizard hits you with a +0 dagger.
The iguana barely misses you. You furiously retaliate!
You headbutt the iguana! The endoplasm freezes you.
You are frozen.
There is a stone staircase leading up here.
You closely miss the orc wizard. You headbutt the orc wizard.
The orc wizard is almost dead.
The endoplasm freezes you.
You are frozen.
You closely miss the orc wizard.
The orc wizard is almost dead.
The endoplasm freezes you.
You are frozen.
* * * LOW HITPOINT WARNING * * *
The orc wizard casts a spell at you.
The magic dart hits you but does no damage.
You block the iguana's attack.
You miss the orc wizard. Your headbutt misses the orc wizard.
The orc wizard is almost dead.
The endoplasm freezes you.
You are frozen.
* * * LOW HITPOINT WARNING * * *
The orc wizard hits you with a +0 dagger.
* * * LOW HITPOINT WARNING * * *
The iguana bites you!
You die...

# #........#..## # ##
#..##.....#..###..
.#####..##.....#.....
...##..## #....#....
#.......###.......#
##.......##....)).###
#.............?....##
#..#........#........#
#..#.......###..@o#....
#.##....##.# ###lJ# ##. #
..#....###.# ##o.# .#
.......##..####...# #.##
................o## ##...##
.................# ##......#
............####.###..o.....
.............# #.........#
..........#....#............


You could see an iguana, an orc wizard, 2 orcs and an endoplasm.

Vanquished Creatures
  A scorpion (D:3)
  An orc priest (D:2)
  4 adders
  4 dart slugs
  2 ribbon worms (D:3)
  4 orcs
  2 ball pythons
  2 endoplasms (D:2)
  2 giant cockroaches
  4 goblins
  10 hobgoblins
  2 jackals (D:2)
  8 kobolds
  A quokka (D:1)
  5 bats
  4 frilled lizards
  2 rats
58 creatures vanquished.

Notes
Turn   | Place    | Note
-------+----------+-------------------------------------------
     0 | D:1      | hawla the Minotaur Fighter began the quest for the Orb.
     0 | D:1      | Reached XP level 1. HP: 19/19 MP: 0/0
   107 | D:1      | Reached skill level 4 in Shields
   167 | D:1      | Reached XP level 2. HP: 24/26 MP: 1/1
   657 | D:1      | Reached skill level 5 in Shields
   900 | D:2      | Reached XP level 3. HP: 31/31 MP: 2/2
   967 | D:2      | Reached skill level 1 in Dodging
  1267 | D:2      | Reached XP level 4. HP: 24/39 MP: 3/3
  1370 | D:2      | Found a faded altar of an unknown god.
  2453 | D:4      | Reached XP level 5. HP: 45/45 MP: 4/4
  2558 | D:4      | Slain by an iguana

Illustrated notes

Levels and vault maps discovered:
D:1:      psy_arrival_terrarium, layout_basic
D:2:      layout_loops_cross, shapermc_ecumenical_altar_petra
D:3:      layout_loops_corners, palyth_stone_intersect
D:4:      layout_layer_cave, nicolae_ru_path_of_blood,
          nicolae_qazlal_scattered_showers, gammafunk_temple_overflow_pools,
          mainiacjoe_overflow_concentric_impassable,
          minmay_temple_entry_statues_pillars

Skill      XL: |  1  2  3  4 |
---------------+-------------+-----
Shields        | 4 5 |  5.0
Dodging        | 3 4 |  4.9
Fighting       | |  3.6
Long Blades    | |  2.4
Armour         | |  3.6

Action                     |  1- 3 |  4- 6 || total
---------------------------+-------+-------++-------
  Melee: Long sword        |    74 |    74 ||   148
         Headbutt          |     9 |    17 ||    26
    Use: Scroll            |     3 |     4 ||     7
 Armour: Scale mail        |    44 |     3 ||    47
         Chain mail        |       |    52 ||    52
  Dodge: Dodged            |    34 |    38 ||    72
  Block: Buckler           |    17 |    17 ||    34
